[Event "Early-Titled-Tuesday-Blitz-October-17-2023"]
[Site "Chess.com"]
[Date "2023.10.17"]
[Round "2"]
[White "invisible_s0ul"]
[Black "AleksanderHnydiuk"]
[Result "0-1"]
[WhiteElo "2276"]
[BlackElo "2510"]
[TimeControl "180+1"]
[EndTime "8:17:21 PDT"]
[Termination "AleksanderHnydiuk won on time"]

1. e4 Nf6 2. Nc3 e5 3. d3 Bc5 4. Bg5 h6 5. Bh4 d6 6. Be2 Be6 7. Qd2 Nbd7 8. f4 exf4 9. d4 Bb4 10. d5 Nxe4 11. Bxd8 Nxd2 12. dxe6 fxe6 13. Kxd2 Rxd8 14. Bh5+ Ke7 15. Ne2 Rhf8 16. a3 Ba5 17. Rhf1 g5 18. Rae1 Ne5 19. b3 d5 20. Nd4 Kf6 21. b4 Bb6 22.
Nf3 Nc4+ 23. Kc1 Ne3 24. Rf2 e5 25. Nd2 Kg7 26. Bf3 c6 27. a4 a5 28. bxa5 Bxa5 29.
Ndb1 e4 30. Bh5 d4 0-1

[Event "Early-Titled-Tuesday-Blitz-October-17-2023"]
[Site "Chess.com"]
[Date "2023.10.17"]
[Round "2"]
[White "MFatigue"]
[Black "I_am_Javi"]
[Result "0-1"]
[WhiteElo "2548"]
[BlackElo "2746"]
[TimeControl "180+1"]
[EndTime "8:17:22 PDT"]
[Termination "I_am_Javi won by checkmate"]

1. e4 e5 2. Nf3 Nc6 3. d4 exd4 4. Bc4 g6 5. Nxd4 Bg7 6. Nxc6 bxc6 7. O-O Ne7 8. Nc3 O-O 9. Bf4 d6 10. Qd2 Be6 11.
Bb3 Rb8 12. Rad1 c5 13. Bh6 Bxh6 14. Qxh6 c4 15. Ba4 Rxb2 16. Rb1 Qb8 17. Qg5 f6 18. Qa5 Qb6 19. Qxb6 Rxb6 20. Nb5 Rfb8 21. Na3 Kf7 22. f4 f5 23. exf5 Nxf5 24. Kf2 d5 25. c3 h5 26. Bc2 c5 27. g3 Rb2 28. Kf3 d4 29.
Bxf5 gxf5 30. Rxb2 Rxb2 31. Rf2 Bd5# 0-1

[Event "Early-Titled-Tuesday-Blitz-October-17-2023"]
[Site "Chess.com"]
[Date "2023.10.17"]
[Round "2"]
[White "AsadliVugar"]
[Black "balachess2006"]
[Result "1-0"]
[WhiteElo "2886"]
[BlackElo "2600"]
[TimeControl "180+1"]
[EndTime "8:17:28 PDT"]
[Termination "AsadliVugar won by resignation"]

1. e4 c5 2. Nc3 Nc6 3. Nf3 g6 4.
Bb5 Bg7 5. d3 e5 6. Bc4 Nge7 7. h4 h6 8. h5 g5 9. Nxg5 hxg5 10.
Bxg5 f6 11. h6 d5 12. exd5 fxg5 13. dxc6 Nxc6 14. Qh5+ Kd7 15. Qf7+ Qe7 16. hxg7 Rxh1+ 17. Kd2 Rxa1 18. g8=Q Kc7 19. Nd5+ 1-0

[Event "Early-Titled-Tuesday-Blitz-October-17-2023"]
[Site "Chess.com"]
[Date "2023.10.17"]
[Round "2"]
[White "GothamChess"]
[Black "Zaro1309"]
[Result "1-0"]
[WhiteElo "2701"]
[BlackElo "2370"]
[TimeControl "180+1"]
[EndTime "8:17:28 PDT"]
[Termination "GothamChess won by checkmate"]

1. e4 e6 2. b3 d5 3. Bb2 Nf6 4. e5 Nfd7 5. Qg4 c5 6. f4 Nc6 7. Nf3 b6 8. Be2 Bb7 9. Nc3 a6 10. O-O Ne7 11. d4 Nf5 12. Nd1 cxd4 13. Nxd4 Bc5 14.
c3 Bxd4+ 15. cxd4 Rc8 16. Bd3 g6 17. Qe2 b5 18. g4 Ne7 19. Ne3 Qb6 20. f5 gxf5 21. gxf5 exf5 22. Nxf5 Rg8+ 23. Kh1 Nxf5 24. Bxf5 Rc6 25. Rac1 Rxc1 26. Rxc1 Qh6 27. e6 Nf6 28. exf7+ Kxf7 29. Rc7+ Kf8 30. Ba3+ b4 31. Bxb4# 1-0

[Event "Early-Titled-Tuesday-Blitz-October-17-2023"]
[Site "Chess.com"]
[Date "2023.10.17"]
[Round "2"]
[White "ChesscularGodofchess"]
[Black "Masterbeaterr"]
[Result "1-0"]
[WhiteElo "2197"]
[BlackElo "2439"]
[TimeControl "180+1"]
[EndTime "8:17:30 PDT"]
[Termination "ChesscularGodofchess won by resignation"]

1. d4 d5 2. Nf3 Nf6 3. e3 Bf5 4. Ne5 e6 5. g4 Bg6 6. h4 h5 7. Nxg6 fxg6 8. Bd3 Kf7 9. g5 Ne4 10. Qf3+ Kg8 11. Bxe4 dxe4 12. Qxe4 Qd5 13. Qxd5 exd5 14. b3 Nd7 15. Ba3 Kf7 16. Bxf8 Rhxf8 17. c4 Ke6 18. Nc3 c6 19. Ke2 Nb6 20. cxd5+ cxd5 21. Rac1 a6 22. f3 Kd6 23. Rhf1 Rae8 24. Kd3 Rf5 25. Ne2 Nc8 26. Nf4 Ne7 27. Rc3 Rd8 28. Rfc1 Rd7 29. a4 Rf8 30. b4 Re8 31. b5 axb5 32.
axb5 Nf5 33. e4 dxe4+ 34. fxe4 Nxh4 35. b6 Rf8 36. Rf1 Ng2 37. e5+ Ke7 38. Nxg6+ 1-0

[Event "Early-Titled-Tuesday-Blitz-October-17-2023"]
[Site "Chess.com"]
[Date "2023.10.17"]
[Round "2"]
[White "PoXerStar"]
[Black "Shockerlover"]
[Result "1-0"]
[WhiteElo "2418"]
[BlackElo "1950"]
[TimeControl "180+1"]
[EndTime "8:17:30 PDT"]
[Termination "PoXerStar won on time"]

1. c4 c5 2. g3 Nc6 3. Bg2 g6 4. Nc3 Nf6 5. e4 Bg7 6. Nge2 O-O 7. O-O d6 8. d3 Bg4 9. f3 Be6 10. h3 Qd7 11. Kh2 h5 12. f4 h4 13. g4 Bxg4 14. hxg4 Nxg4+ 15. Kh1 f5 16. Qe1 Kf7 17. exf5 gxf5 18. Bh3 Nf6 19. Ng1 Nd4 20. Nf3 Qc6 21.
Bg2 Nxf3 22. Bxf3 1-0

[Event "Early-Titled-Tuesday-Blitz-October-17-2023"]
[Site "Chess.com"]
[Date "2023.10.17"]
[Round "2"]
[White "BardArtem"]
[Black "dcremisi"]
[Result "0-1"]
[WhiteElo "2768"]
[BlackElo "2582"]
[TimeControl "180+1"]
[EndTime "8:17:31 PDT"]
[Termination "dcremisi won on time"]

1. e4 e6 2. d4 d5 3. Nc3 Bb4 4. Ne2 dxe4 5. a3 Be7 6. Nxe4 Nd7 7.
N2g3 Ngf6 8. Be3 Nxe4 9. Nxe4 Nf6 10. Nxf6+ Bxf6 11. Qd2 b6 12. O-O-O Bb7 13. Bb5+ c6 14. Be2 O-O 15. Bf3 Qc7 16. Bf4 Qd7 17. g4 Rfd8 18. Be5 Bxe5 19. dxe5 Qxd2+ 20. Rxd2 Kf8 21. Rhd1 Rxd2 22.
Rxd2 Ke7 23. Rd6 Rc8 24. Kd2 Rc7 25. Ke3 c5 26. Bxb7 Rxb7 27. f4 Rd7 28. Rxd7+ Kxd7 29. f5 g5 30. fxg6 fxg6 31. Kf4 h6 32. c4 Kc6 33. a4 a6 34. b3 b5 35. axb5+ axb5 36. cxb5+ Kxb5 0-1

[Event "Early-Titled-Tuesday-Blitz-October-17-2023"]
[Site "Chess.com"]
[Date "2023.10.17"]
[Round "2"]
[White "ErikRonka"]
[Black "KVAIDAN"]
[Result "1-0"]
[WhiteElo "2498"]
[BlackElo "2255"]
[TimeControl "180+1"]
[EndTime "8:17:31 PDT"]
[Termination "ErikRonka won by resignation"]

1. e4 e5 2. Nf3 d5 3. d4 dxe4 4. Nxe5 Bd6 5. Bc4 Bxe5 6. Qh5 Qe7 7. Qxe5 Qxe5 8. dxe5 Nc6 9. Bf4 Nge7 10. Nc3 Bf5 11. Bg3 Ng6 12. O-O-O Ngxe5 13. Bd5 O-O-O 14. Nxe4 Rxd5 15. Rxd5 Bxe4 16. Rxe5 Nxe5 17. Bxe5 f6 18.
Bd4 Bxg2 19. Rg1 Bf3 20. Rxg7 f5 21. Kd2 Rd8 22. Ke3 Be4 23. c3 Rd7 24. Rg5 b6 25. f3 Bb1 26. a3 c5 27. Be5 Rd1 28.
Rg7 Rh1 29. Rxa7 h5 30. Rc7+ Kd8 31. Rb7 Re1+ 32. Kf4 Re2 33. Kg5 Re3 34. Kf4 Re2 35.
Rxb6 Rxh2 36. Kg5 h4 37. Bxh2 1-0

[Event "Early-Titled-Tuesday-Blitz-October-17-2023"]
[Site "Chess.com"]
[Date "2023.10.17"]
[Round "2"]
[White "Aash20"]
[Black "kingofthenil"]
[Result "1/2-1/2"]
[WhiteElo "2542"]
[BlackElo "2714"]
[TimeControl "180+1"]
[EndTime "8:17:32 PDT"]
[Termination "Game drawn by repetition"]

1. e4 c5 2. Nf3 a6 3. a4 e6 4.
Nc3 Nc6 5. d4 cxd4 6. Nxd4 Qc7 7. Be2 Nf6 8. O-O Bb4 9. Bf3 O-O 10. Nce2 Ne5 11. c3 Bd6 12. Ng3 b6 13. Kh1 Bb7 14.
Re1 Nxf3 15. Qxf3 Bxg3 16. hxg3 Nxe4 17. Rxe4 f5 18. Qf4 Qc4 19. Re1 Rae8 20. Nf3 Qc6 21. Be3 e5 22. Qb4 f4 23. gxf4 Qh6+ 24. Kg1 Bxf3 25.
gxf3 Qg6+ 26. Kf1 Qd3+ 27. Kg2 Qg6+ 28. Kf1 Qd3+ 29. Kg2 Rf6 30. Qe4 Rg6+ 31. Kh2 Rh6+ 32. Kg2 Rg6+ 33. Kh2 Rh6+ 34. Kg2 Rg6+ 1/2-1/2

[Event "Early-Titled-Tuesday-Blitz-October-17-2023"]
[Site "Chess.com"]
[Date "2023.10.17"]
[Round "2"]
[White "dianamirza"]
[Black "Anton_Demchenko"]
[Result "0-1"]
[WhiteElo "2044"]
[BlackElo "3015"]
[TimeControl "180+1"]
[EndTime "8:17:32 PDT"]
[Termination "Anton_Demchenko won by resignation"]

1. d4 Nf6 2. Nf3 d6 3. c4 Nc6 4. Nc3 e5 5. dxe5 dxe5 6. Qxd8+ Kxd8 7. Bg5 Be6 8. e3 Kc8 9. Be2 Nd7 10. O-O f6 11. Bh4 a5 12. Rfd1 a4 13. b3 Nc5 14.
b4 Nxb4 15. Rab1 Nc6 16. Nd5 Bf5 17. Rb5 a3 18. h3 Na4 19. g4 Be6 20. Rb3 Nb2 21. Rd2 h6 22. Ne1 Ra4 23. Nd3 Nxc4 24.
Rc2 Bxd5 25. Ne1 Nb6 26. Nd3 Bxb3 0-1

[Event "Early-Titled-Tuesday-Blitz-October-17-2023"]
[Site "Chess.com"]
[Date "2023.10.17"]
[Round "2"]
[White "GAusal"]
[Black "Langua_Chess"]
[Result "0-1"]
[WhiteElo "2272"]
[BlackElo "2506"]
[TimeControl "180+1"]
[EndTime "8:17:32 PDT"]
[Termination "Langua_Chess won by checkmate"]

1. d4 d5 2. Nf3 Bg4 3. Ne5 Bf5 4. g4 Be4 5. f3 e6 6. fxe4 Qh4+ 7. Kd2 dxe4 8. c3 f6 9. Nc4 c5 10. Qb3 b6 11. Qb5+ Kf7 12. Kc2 Nh6 13. Bf4 Nxg4 14.
Bxb8 Rxb8 15. Qd7+ Be7 16. Nd6+ Kf8 17. Nxe4 Ne3+ 18.
Kd3 Nd5 19. Qxe6 Nf4+ 20. Kc2 Nxe6 21. Nbd2 cxd4 22. cxd4 Nxd4+ 23. Kd3 Rd8 24. Nf3 Nxf3+ 25. Ke3 Ne5 26. Bg2 Bc5+ 27. Nxc5 Qd4# 0-1

[Event "Early-Titled-Tuesday-Blitz-October-17-2023"]
[Site "Chess.com"]
[Date "2023.10.17"]
[Round "2"]
[White "Gentlejimmy7"]
[Black "Witty_Alien"]
[Result "1-0"]
[WhiteElo "2489"]
[BlackElo "2238"]
[TimeControl "180+1"]
[EndTime "8:17:32 PDT"]
[Termination "Gentlejimmy7 won by checkmate"]

1. c4 b5 2. c5 d6 3. b4 a5 4.
cxd6 cxd6 5. e4 axb4 6. Bxb5+ Bd7 7. Bxd7+ Qxd7 8. d4 Nf6 9. Nd2 Nc6 10. Ngf3 Qg4 11.
O-O Nxe4 12. h3 Qg6 13. Qc2 Nc3 14. Qb3 Qd3 15. Bb2 g6 16. a3 Rb8 17. axb4 Ne2+ 18. Kh1 Qxb3 19. Nxb3 Rxb4 20. Ra8+ Kd7 21. d5 Ne5 22.
Nxe5+ dxe5 23. Bxe5 Rc4 24. Rfa1 Rc7 25. Nc5+ Rxc5 26. R1a7+ Rc7 27. Rxc7# 1-0

[Event "Early-Titled-Tuesday-Blitz-October-17-2023"]
[Site "Chess.com"]
[Date "2023.10.17"]
[Round "2"]
[White "jeetjain"]
[Black "GMSrinath"]
[Result "0-1"]
[WhiteElo "2591"]
[BlackElo "2873"]
[TimeControl "180+1"]
[EndTime "8:17:35 PDT"]
[Termination "GMSrinath won by resignation"]

1. Nf3 d5 2. b3 Nf6 3. Bb2 g6 4. e3 Bg7 5. c4 c6 6. Be2 O-O 7. O-O Nbd7 8. d3 b6 9. Nbd2 Bb7 10. a3 Qc7 11. Rc1 Qd6 12. e4 dxe4 13. dxe4 e5 14. Qc2 Qe6 15. Rfd1 a5 16. Nf1 Rfd8 17. b4 axb4 18.
axb4 Qe7 19. Bc3 c5 20. Ng3 cxb4 21. Bb2 Ne8 22. Nd2 Nc5 23. Nb3 Bc6 24. Rxd8 Rxd8 25. Nd2 Ba4 0-1

[Event "Early-Titled-Tuesday-Blitz-October-17-2023"]
[Site "Chess.com"]
[Date "2023.10.17"]
[Round "2"]
[White "faraone99"]
[Black "GMKrikor"]
[Result "0-1"]
[WhiteElo "2560"]
[BlackElo "2824"]
[TimeControl "180+1"]
[EndTime "8:17:35 PDT"]
[Termination "GMKrikor won by resignation"]

1. e4 e6 2. d4 d5 3. Nc3 Nf6 4. e5 Nfd7 5. f4 c5 6. Nf3 Nc6 7. Be3 a6 8. Qd2 b5 9. dxc5 Bxc5 10. Bxc5 Nxc5 11. Qf2 Qb6 12. Bd3 b4 13. Ne2 a5 14.
h4 Ba6 15. Bxa6 Rxa6 16. h5 h6 17. Rh3 O-O 18. g4 Ne4 19. Qxb6 Rxb6 20. Ned4 Rc8 21.
Rh2 a4 22. Nxc6 Rbxc6 23. Nd4 Rc4 24. O-O-O a3 25. Nb5 b3 26. bxa3 bxa2 27. Kb2 Rb8 0-1

[Event "Early-Titled-Tuesday-Blitz-October-17-2023"]
[Site "Chess.com"]
[Date "2023.10.17"]
[Round "2"]
[White "LoydBlankenship"]
[Black "Msb2"]
[Result "0-1"]
[WhiteElo "2624"]
[BlackElo "3072"]
[TimeControl "180+1"]
[EndTime "8:17:38 PDT"]
[Termination "Msb2 won by resignation"]

1. e4 e6 2. d4 d5 3. Nc3 Nf6 4. e5 Nfd7 5. f4 c5 6. Nf3 Nc6 7. Be3 a6 8. Qd2 b5 9. dxc5 Bxc5 10.
Bxc5 Nxc5 11. Qf2 Qb6 12. Bd3 b4 13. Ne2 a5 14. O-O Ba6 15. Rfd1 h6 16. Ned4 Ne4 17. Bxe4 dxe4 18. Nxc6 Qxc6 19. Rd6 Qc7 20. Nd4 O-O 21. f5 exf5 22. Nxf5 Bc8 23. Nxh6+ gxh6 24. Qg3+ Kh7 25. Rf1 Be6 26. Rf6 Rg8 27. Qf4 Rg6 28. Rxg6 Qa7+ 29. Kh1 Kxg6 30. Qxe4+ Kg7 31. Qf4 Qe7 32. Rd8 Rxd8 33.
Qxh6+ Kxh6 0-1

[Event "Early-Titled-Tuesday-Blitz-October-17-2023"]
[Site "Chess.com"]
[Date "2023.10.17"]
[Round "2"]
[White "ajedrezhoy"]
[Black "DefiantChair"]
[Result "1-0"]
[WhiteElo "2378"]
[BlackElo "2659"]
[TimeControl "180+1"]
[EndTime "8:17:41 PDT"]
[Termination "ajedrezhoy won by resignation"]

1. g3 d5 2. Bg2 Nf6 3. Nf3 e6 4. O-O c5 5. d4 Nc6 6. c4 cxd4 7. Nxd4 Bd7 8. cxd5 exd5 9. Nc3 Be7 10. Bg5 O-O 11. e3 h6 12. Bxf6 Bxf6 13. Nxd5 Bxd4 14. exd4 Be6 15. Nf4 Nxd4 16. Nxe6 Nxe6 17. Qxd8 Rfxd8 18. Rfd1 Rxd1+ 19. Rxd1 Rd8 20. Rxd8+ Nxd8 21. Bd5 Kf8 22.
f4 Ke7 23. Kf2 Kd6 24. Bb3 f6 25. Ke3 Nc6 26. h4 b5 27. a3 a5 28. Bd1 Kc5 29.
Ke4 Ne7 30. Bg4 b4 31. Be6 a4 32. Bd7 bxa3 33. bxa3 Nd5 34. Kf5 Nb6 35. Be8 Kd6 36.
Kg6 Ke7 37. Bxa4 Nxa4 38. Kxg7 h5 39. Kg6 Ke6 40. Kxh5 Kf5 41. g4+ Kxf4 42. g5 f5 43. g6 1-0

[Event "Early-Titled-Tuesday-Blitz-October-17-2023"]
[Site "Chess.com"]
[Date "2023.10.17"]
[Round "2"]
[White "dosto07"]
[Black "AlexPapasimakopoulos"]
[Result "1-0"]
[WhiteElo "2543"]
[BlackElo "2703"]
[TimeControl "180+1"]
[EndTime "8:17:42 PDT"]
[Termination "dosto07 won by checkmate"]

1. e4 e6 2. d4 d5 3. Nd2 Nf6 4. e5 Nfd7 5. Bd3 c5 6. c3 b5 7. Ndf3 b4 8. Ne2 bxc3 9. bxc3 Be7 10. O-O Ba6 11. Bxa6 Nxa6 12. Qa4 Qc8 13. Bg5 Bxg5 14.
Nxg5 h6 15. Nh3 O-O 16. Rab1 Nb6 17. Qd1 Nc4 18. Ng3 Kh8 19. Nh5 Rg8 20. Qd3 Rb8 21.
Ng5 g6 22. Nxf7+ Kh7 23. Nf6+ Kg7 24. Nxg8 Qxg8 25. Nd6 Nxd6 26. Qxa6 Nf7 27. Qxa7 Ra8 28. Qxc5 Qd8 29. Rb7 Rxa2 30. h3 g5 31. Rfb1 Kg6 32.
Rb8 Qa5 33. Qf8 Qa7 34. R8b7 Ra1 35. Rxa7 Rxb1+ 36. Kh2 Kf5 37. Qxf7+ Ke4 38. Qf3# 1-0

[Event "Early-Titled-Tuesday-Blitz-October-17-2023"]
[Site "Chess.com"]
[Date "2023.10.17"]
[Round "2"]
[White "gmcorrales"]
[Black "sorch29"]
[Result "1-0"]
[WhiteElo "2880"]
[BlackElo "2403"]
[TimeControl "180+1"]
[EndTime "8:17:45 PDT"]
[Termination "gmcorrales won by resignation"]

1. e4 c5 2. Nf3 d6 3. d4 cxd4 4. Nxd4 Nf6 5. Nc3 Nc6 6. Bg5 e6 7. Qd2 Qb6 8. Bxf6 gxf6 9. Nb3 a6 10. g3 h5 11. h4 Ne5 12. Be2 Bd7 13. O-O-O Qxf2 14. Kb1 Be7 15. Rhf1 Qxg3 16. Qd4 Qxh4 17. Qb6 Bc6 18. Nd4 Nd7 19. Qb3 Nc5 20. Qb6 Rc8 21. Nxc6 Rxc6 22. Qa7 Rc8 23. Bf3 Qg5 24. e5 fxe5 25.
Bxb7 Nxb7 26. Qxb7 Rd8 27. Ne4 d5 28. Nxg5 Bxg5 1-0

[Event "Early-Titled-Tuesday-Blitz-October-17-2023"]
[Site "Chess.com"]
[Date "2023.10.17"]
[Round "2"]
[White "HamedWafa4"]
[Black "Tobias_Koelle"]
[Result "0-1"]
[WhiteElo "2615"]
[BlackElo "2957"]
[TimeControl "180+1"]
[EndTime "8:17:46 PDT"]
[Termination "Tobias_Koelle won by checkmate"]

1. e4 c5 2. Nf3 d6 3. Bb5+ Nc6 4.
O-O Bd7 5. Re1 Nf6 6. c4 a6 7. Bxc6 Bxc6 8. Nc3 e5 9. d3 Be7 10. Bg5 O-O 11. Nd2 b5 12. b3 b4 13. Bxf6 Bxf6 14. Nd5 Bg5 15. Nf1 a5 16. a4 g6 17. Nfe3 Kg7 18. Rf1 Ra7 19. g3 f5 20. h4 Bxe3 21.
fxe3 Raf7 22. Qe2 fxe4 23. dxe4 Bd7 24. Rxf7+ Rxf7 25. Rf1 Qf8 26. Rxf7+ Qxf7 27. Nb6 Bh3 28. Qf2 Bg4 29. Qg2 Bd1 30. Qd2 Qf3 31. Qxd6 Qxg3+ 32. Kf1 Qf3+ 33. Kg1 Qxe3+ 34. Kh2 Qf2+ 35. Kh3 Bg4+ 36. Kxg4 Qg2# 0-1

[Event "Early-Titled-Tuesday-Blitz-October-17-2023"]
[Site "Chess.com"]
[Date "2023.10.17"]
[Round "2"]
[White "a-z30"]
[Black "HouseOfDurin"]
[Result "1-0"]
[WhiteElo "2507"]
[BlackElo "2273"]
[TimeControl "180+1"]
[EndTime "8:17:51 PDT"]
[Termination "a-z30 won by checkmate"]

1. d3 c5 2. Nf3 Nc6 3. g3 g6 4.
Bg2 Bg7 5. O-O e5 6. c4 Nge7 7. Nc3 O-O 8. Rb1 d6 9. b3 h6 10.
Bb2 Be6 11. e3 d5 12. cxd5 Nxd5 13. Nxd5 Bxd5 14. a3 Qd7 15. b4 cxb4 16. axb4 a6 17. Qa4 b5 18. Qa1 Rfe8 19. Rfc1 Nxb4 20. Bxe5 Bxe5 21. Nxe5 Qb7 22. e4 Nc6 23. Ng4 Be6 24. Nf6+ Kf8 25. d4 Nxd4 26. Qxd4 Red8 27. Qb2 Rac8 28.
e5 Rxc1+ 29. Qxc1 Qe7 30. Qxh6# 1-0

[Event "Early-Titled-Tuesday-Blitz-October-17-2023"]
[Site "Chess.com"]
[Date "2023.10.17"]
[Round "2"]
[White "GMJustin"]
[Black "santosalberto1987"]
[Result "1-0"]
[WhiteElo "2178"]
[BlackElo "2434"]
[TimeControl "180+1"]
[EndTime "8:17:51 PDT"]
[Termination "GMJustin won by resignation"]

1. d4 d5 2. c4 c6 3. Nf3 Nf6 4. Nc3 dxc4 5. a4 Bf5 6. Ne5 e6 7. f3 Bb4 8. e4 Bxe4 9. Nxf7 Kxf7 10. fxe4 Nxe4 11. Qh5+ g6 12. Qf3+ Nf6 13. Bxc4 Qxd4 14. Rf1 Nd7 15. Bb3 Kg7 16. Be3 Bxc3+ 17. bxc3 Qxc3+ 18. Kf2 Qxb3 19. Bh6+ Kxh6 20. Qxb3 Rhf8 21. Kg1 Rab8 22.
Qe3+ Kg7 23. Qxe6 Rbe8 24. Qd6 Re2 25. Rae1 Rfe8 26. Rxe2 Rxe2 27. Qc7 Re7 28. Qxb7 Rf7 29. Qxa7 Ne5 30. Qd4 Ned7 31. a5 c5 32. Qd6 Rf8 33.
a6 Ra8 34. Qe7+ Kg8 35. Rxf6 Nxf6 36. Qxf6 Rf8 37. Qe6+ Kg7 38. Qe7+ Rf7 39. Qxf7+ Kxf7 40. a7 Ke6 41. a8=Q Ke5 42. Qc6 Kd4 43. Kf2 c4 44. Ke2 c3 45. Qc7 c2 46. h4 c1=Q 47. Qxc1 Ke4 48.
Qh6 1-0

[Event "Early-Titled-Tuesday-Blitz-October-17-2023"]
[Site "Chess.com"]
[Date "2023.10.17"]
[Round "2"]
[White "Gyulamiryan-koryun"]
[Black "Levanzovsky"]
[Result "0-1"]
[WhiteElo "1937"]
[BlackElo "2413"]
[TimeControl "180+1"]
[EndTime "8:17:54 PDT"]
[Termination "Levanzovsky won by checkmate"]

1. e4 e5 2. Nf3 Nc6 3. Bc4 Bc5 4.
d3 Nf6 5. Bg5 d6 6. h3 h6 7. Bh4 g5 8. Bg3 a6 9. Nc3 Be6 10. Nd5 Bxd5 11. Bxd5 Nxd5 12. exd5 Ne7 13. c4 Bb4+ 14. Nd2 Qd7 15. O-O f5 16. f3 Bxd2 17. Qxd2 f4 18. Bf2 Nf5 19. b4 O-O-O 20. a4 h5 21. a5 g4 22. b5 gxh3 23. bxa6 Qg7 24.
axb7+ Kd7 25. Ba7 Rhg8 26. Rf2 Qg3 27. b8=Q Rxb8 28. Bxb8 h2+ 29. Kh1 Qh4 30. g4 Ng3+ 31. Kg2 h1=Q+ 32. Rxh1 Qxh1# 0-1

[Event "Early-Titled-Tuesday-Blitz-October-17-2023"]
[Site "Chess.com"]
[Date "2023.10.17"]
[Round "2"]
[White "aghasiyevkamal"]
[Black "wonderfultime"]
[Result "0-1"]
[WhiteElo "2616"]
[BlackElo "2983"]
[TimeControl "180+1"]
[EndTime "8:17:56 PDT"]
[Termination "wonderfultime won by checkmate"]

1. e4 e5 2. Nf3 Nc6 3. Nc3 Nf6 4.
Bb5 d6 5. d4 exd4 6. Nxd4 Bd7 7.
Bxc6 bxc6 8. O-O Be7 9. Bf4 O-O 10. e5 dxe5 11. Bxe5 Re8 12. Re1 Bc5 13. h3 Bb6 14. Qd3 c5 15. Nf5 c4 16. Qf3 Bxf5 17. Qxf5 Re6 18.
Bg3 Qd7 19. Rxe6 fxe6 20. Qf3 Rf8 21. Rd1 Qe8 22. Qe2 Nh5 23. Kh2 Nxg3 24. fxg3 Rf2 25. Qxc4 Rxc2 26. Re1 Qf7 27. Rxe6 Rxg2+ 28. Kxg2 Qf2+ 29.
Kh1 Qg1# 0-1

[Event "Early-Titled-Tuesday-Blitz-October-17-2023"]
[Site "Chess.com"]
[Date "2023.10.17"]
[Round "2"]
[White "Beca95"]
[Black "PositionalPanther"]
[Result "1-0"]
[WhiteElo "2919"]
[BlackElo "2610"]
[TimeControl "180+1"]
[EndTime "8:17:59 PDT"]
[Termination "Beca95 won by checkmate"]

1. d4 e6 2. Nf3 d5 3. c4 a6 4. cxd5 exd5 5. Nc3 h6 6. Bf4 Nf6 7. Qc2 Nc6 8. e3 Bd6 9. Bg3 O-O 10. a3 Bg4 11.
Bd3 Re8 12. O-O Bxg3 13. hxg3 Bxf3 14. gxf3 Ne7 15. b4 c6 16. Kg2 Nc8 17. Rh1 Nd6 18.
Na4 Qe7 19. Nc5 Nd7 20. a4 Nxc5 21. bxc5 Nc8 22. Rab1 Qc7 23. g4 Ne7 24. Rh5 f6 25. f4 Kf7 26. Qb3 Rab8 27. Kf3 Ke6 28. e4 Kd7 29. e5 fxe5 30. Rxe5 Rf8 31. Rbe1 Rbe8 32. Qb6 Qxb6 33. cxb6 g5 34. Kg3 Rxf4 35. Bg6 Nxg6 36.
Rxe8 Nh4 37. R8e7+ Kd8 38. Rxb7 Rf3+ 39. Kh2 Rxf2+ 40. Kg1 Rb2 41. Rf1 Ke8 42. Rf6 Ng2 43.
Rxh6 Nf4 44. Rh8# 1-0

[Event "Early-Titled-Tuesday-Blitz-October-17-2023"]
[Site "Chess.com"]
[Date "2023.10.17"]
[Round "2"]
[White "LeRoidesChampions"]
[Black "Fan_Of_Chucky"]
[Result "1-0"]
[WhiteElo "2699"]
[BlackElo "2473"]
[TimeControl "180+1"]
[EndTime "8:17:59 PDT"]
[Termination "LeRoidesChampions won by resignation"]

1. e4 c5 2. Nf3 e6 3. d4 cxd4 4. Nxd4 a6 5. h3 b5 6. Nd2 Bb7 7. b3 Qc7 8. Bb2 Nf6 9. Bd3 d5 10. exd5 Nxd5 11. O-O Nd7 12. Be4 N7f6 13. Bf3 Bb4 14.
c4 bxc4 15. Nxc4 O-O 16. Rc1 Rfd8 17. a3 Be7 18. Qe1 Nf4 19. Ne5 Qb6 20. Ndc6 Bxc6 21. Nxc6 Nd3 22. Nxe7+ Kf8 23. Qc3 Nxc1 24. Rxc1 Kxe7 25.
Bxa8 Rxa8 26. Qg3 g6 27. Qh4 Rd8 28. Qxf6+ 1-0

[Event "Early-Titled-Tuesday-Blitz-October-17-2023"]
[Site "Chess.com"]
[Date "2023.10.17"]
[Round "2"]
[White "WindWhistler11"]
[Black "Mandaloriana19"]
[Result "0-1"]
[WhiteElo "2467"]
[BlackElo "2263"]
[TimeControl "180+1"]
[EndTime "8:17:59 PDT"]
[Termination "Mandaloriana19 won on time"]

1. Nf3 c5 2. g3 Nc6 3. c4 g6 4. Bg2 Bg7 5. a3 Nf6 6. O-O O-O 7. b4 cxb4 8. axb4 Nxb4 9. d4 d6 10. Ba3 Nc6 11. Nc3 Bg4 12. h3 Bf5 13. Nh4 Bd7 14.
Rb1 Rb8 15. e4 Na5 16. Qe2 a6 17. c5 Ne8 18. Rfd1 Nc6 19. Nf3 Qa5 20. Rb3 Bc8 21.
e5 dxe5 22. dxe5 Be6 23. Nd5 Rd8 24. Ng5 Bxd5 25. Bxd5 Nxe5 26. Bb2 e6 27. Bxe5 Rxd5 28. Rxd5 exd5 29. Bd6 Nxd6 30. cxd6 h6 31. Nf3 d4 32. Qe4 b5 33. Nxd4 Qa1+ 34. Kg2 Qxd4 35. Qc6 Rd8 0-1

[Event "Early-Titled-Tuesday-Blitz-October-17-2023"]
[Site "Chess.com"]
[Date "2023.10.17"]
[Round "2"]
[White "chenrip"]
[Black "jk13"]
[Result "0-1"]
[WhiteElo "2473"]
[BlackElo "2684"]
[TimeControl "180+1"]
[EndTime "8:18:00 PDT"]
[Termination "jk13 won by resignation"]

1. e4 e5 2. Nf3 Nc6 3. d4 exd4 4. Nxd4 Bb4+ 5. c3 Bc5 6. Be3 Bb6 7. Bc4 Nf6 8. Nxc6 bxc6 9. Bxb6 axb6 10. e5 Qe7 11. Qe2 Nd5 12. O-O O-O 13. Nd2 d6 14. Rae1 Be6 15. a3 Rae8 16. Qf3 Qg5 17. exd6 Qxd2 18. Re2 Qg5 19. dxc7 Nxc7 20. Qxc6 Bd5 21. Bxd5 Rxe2 22. Bf3 Re7 23. g3 Qc5 24. Qa4 Rfe8 25. Kg2 g6 26. Rd1 b5 27. Qh4 Kg7 28. b4 Qxc3 29. Rd4 Ne6 30. Rd5 Qf6 31. Qg4 h5 32. Qe4 Ng5 33. Qd3 Qxf3+ 34. Qxf3 Nxf3 35. Kxf3 Re5 0-1

[Event "Early-Titled-Tuesday-Blitz-October-17-2023"]
[Site "Chess.com"]
[Date "2023.10.17"]
[Round "2"]
[White "BlueWizzard"]
[Black "Wizard_97"]
[Result "1-0"]
[WhiteElo "2831"]
[BlackElo "2575"]
[TimeControl "180+1"]
[EndTime "8:18:02 PDT"]
[Termination "BlueWizzard won by resignation"]

1. d4 Nf6 2. Nc3 d5 3. Bg5 Ne4 4. Nxe4 dxe4 5. Qd2 h6 6. Bf4 e6 7. f3 c5 8. e3 Nc6 9. O-O-O exf3 10. gxf3 cxd4 11.
exd4 Be7 12. Bb5 Bf6 13. Ne2 Bd7 14. d5 exd5 15. Qxd5 a6 16. Ba4 b5 17. Bb3 Qe7 18.
Ng3 Rc8 19. Bd6 Qe3+ 20. Kb1 Be6 21. Qh5 Nd4 22. Bxe6 Nxe6 23. Rhe1 Qf2 24. Rxe6+ Kd8 25. Bc5+ 1-0

[Event "Early-Titled-Tuesday-Blitz-October-17-2023"]
[Site "Chess.com"]
[Date "2023.10.17"]
[Round "2"]
[White "Cambek64"]
[Black "Andrei_Skvortsov"]
[Result "0-1"]
[WhiteElo "2406"]
[BlackElo "2657"]
[TimeControl "180+1"]
[EndTime "8:18:03 PDT"]
[Termination "Andrei_Skvortsov won by resignation"]

1. e4 c5 2. Nf3 d6 3. c3 Nf6 4. Bd3 g5 5. h3 g4 6. hxg4 Bxg4 7. Bc2 Nc6 8. d3 h5 9. Bg5 Bg7 10. Nbd2 Qc7 11. Qe2 O-O-O 12. O-O-O Ne5 13. Kb1 Nh7 14. Bh4 Nf8 15. Qe3 Ne6 16. Rc1 Ng6 17. d4 Nxh4 18.
Rxh4 Bh6 19. Qd3 Nf4 20. Qf1 Bxf3 21. Nxf3 Ng6 22. Rh2 Bxc1 23. Qxc1 cxd4 24. cxd4 d5 25. e5 Kb8 26. Qd2 Rc8 27. Bf5 e6 28. Bxg6 fxg6 29.
Ng5 Rhf8 30. Rh1 Qb6 31. f4 Rc4 32. Nf3 a6 33. Rc1 Rfc8 34. Rxc4 dxc4 35. b3 cxb3 0-1